 Dungeon Crawl Stone Soup version 0.21-a0-442-g848f44b (webtiles) character file.

789 Inectha the Conjurer (level 7, -4/36 HPs)
             Began as a Deep Elf Conjurer on Nov 15, 2017.
             Was an Initiate of Vehumet.
             Shot with an arrow by a centaur (15 damage)
             ... on level 5 of the Dungeon.
             The game lasted 01:05:16 (6071 turns).

Inectha the Conjurer (Deep Elf Conjurer)            Turns: 6071, Time: 01:05:16

Health: -4/36      AC:  4    Str:  5    XL:     7   Next: 56%
Magic:  23/28      EV: 13    Int: 22    God:    Vehumet [......]
Gold:   190        SH:  0    Dex: 15    Spells: 1/20 levels left

rFire    . . .     SeeInvis .   (no weapon)
rCold    . . .     Gourm    .   (no shield)
rNeg     . . .     Faith    .   a - +2 robe
rPois    .         Spirit   .   (no helmet)
rElec    .         Reflect  .   (no cloak)
rCorr    .         Harm     +   (no gloves)
MR       .....                  (no boots)
Stlth    ++........             h - amulet of harm
HPRegen  0.12/turn              n - ring of magical power
MPRegen  0.21/turn              (no ring)

@: very slightly contaminated
A: no striking features
a: Renounce Religion


You were on level 5 of the Dungeon.
You worshipped Vehumet.
Vehumet was noncommittal.
You were not hungry.

You visited 1 branch of the dungeon, and saw 5 of its levels.

You collected 190 gold pieces.

Inventory:

Armour
 a - a +2 robe (worn)
Jewellery
 e - an uncursed amulet of rage
 h - an amulet of harm (around neck)
 l - an uncursed amulet of guardian spirit {unknown}
 n - a ring of magical power (left hand)
Wands
 u - a wand of lightning (7/15)
Scrolls
 d - a scroll of enchant weapon
 g - 2 scrolls of teleportation {unknown}
 i - 2 scrolls of magic mapping
 j - 4 scrolls of remove curse
 m - a scroll of fog {unknown}
 r - a scroll of immolation {unknown}
Potions
 c - 3 potions of heal wounds {unknown}
 k - a potion of brilliance
 q - a potion of lignification {unknown}
 s - a potion of ambrosia
Books
 b - a book of Conjurations

   Spells                             Type                      Level
   a - Magic Dart                     Conjuration                  1
   b - Searing Ray                    Conjuration                  2
   c - Dazzling Spray                 Conjuration/Hexes            3
   d - Fulminant Prism                Conjuration/Hexes            4
   e - Force Lance                    Conjuration/Translocation    4
   f - Iskenderun's Mystic Blast      Conjuration                  4
 t - a book of Cantrips

   Spells                             Type                      Level
   a - Confusing Touch                Hexes                        1
   b - Animate Skeleton               Necromancy                   1
   c - Summon Small Mammal            Summoning                    1
   d - Apportation                    Translocation                1
Comestibles
 f - 2 bread rations
 o - a royal jelly


   Skills:
 - Level 2.4 Dodging
 - Level 2.4 Stealth
 + Level 7.0 Spellcasting
 + Level 7.0 Conjurations
 + Level 4.1 Hexes
 + Level 3.4 Translocations


You had one spell level left.
You knew the following spells:

 Your Spells              Type           Power        Failure   Level  Hunger
a - Magic Dart            Conj           ####         1%          1    None
b - Searing Ray           Conj           #####.       1%          2    None
c - Dazzling Spray        Conj/Hex       ####..       2%          3    None
d - Fulminant Prism       Conj/Hex       ####......   9%          4    ###....
e - Force Lance           Conj/Tloc      ####....     10%         4    ###....
f - Iskenderun's Mystic   Conj           #####...     4%          4    ###....
g - Confusing Touch       Hex            ####..       1%          1    None


Dungeon Overview and Level Annotations

Branches:
Dungeon (5/15)
 Temple: D:4-7

Altars:
Ashenzari
Kikubaaqudgha
Makhleb
Vehumet
The Shining One


Message History

Casting: Magic Dart
Confirm with . or Enter, or press ? or * to list all spells.
Aiming: Magic Dart
Press: ? - help, Shift-Dir - straight line, f/p - centaur
Aim: a centaur, wielding a shortbow (lightly wounded)
The magic dart hits the centaur.
The centaur is moderately wounded.
The centaur shoots an arrow.
The arrow hits you.
Casting: Magic Dart
Confirm with . or Enter, or press ? or * to list all spells.
Aiming: Fulminant Prism
Press: ? - help, Dir - move target cursor, p - centaur You miscast Fulminant Prism.
You are very lightly contaminated with residual magic.
Nothing appears to happen.
The centaur shoots an arrow.
The arrow hits you!
* * * LOW HITPOINT WARNING * * *
The centaur shoots an arrow.
The arrow closely misses you.
You see here an arrow.
The centaur shoots an arrow.
The arrow hits you!
You die...

... ..# #.# #.# ##.###.#
# ###..(##.# ........[.#
#.##...#..#
.#.#.......###########
.....................##
...........#....@.....#
.##........#.########c##
.............# #(..#
###..#.#.....#._.....⌠.#
#..#.#..##.#.≈....≈..#
#†.#.#..##.#..≈≈≈≈≈..#
#.......##.##..≈≈≈≈..#
#.......<..##...c≈≈..#
####.#..##.#....≈≈≈≈..


You could see a centaur.

Vanquished Creatures
  The ghost of Barriton the Conjurer, an amateur DrCj (D:4)
  An ice beast (D:5)
  The ghost of p0werm0de the Scratcher, a weakling FeCK of Cheibriados (D:3)
  A hound (D:4)
  3 orc priests (D:4)
  2 centaur skeletons (D:4)
  2 worker ants (D:4)
  A hound skeleton (D:4)
  10 gnolls
  6 adders
  An ooze (D:4)
  2 worms (D:2)
  A dart slug (D:1)
  4 leopard geckos
  10 orcs
  A ball python (D:1)
  5 giant cockroaches
  5 goblins
  5 hobgoblins
  6 kobolds
  3 quokkas
  10 bats
  3 frilled lizards
  6 rats
90 creatures vanquished.

Vanquished Creatures (others)
  14 fulminant prisms
14 creatures vanquished.

Grand Total: 104 creatures vanquished

Notes
Turn   | Place    | Note
-------+----------+-------------------------------------------
     0 | D:1      | Inectha the Deep Elf Conjurer began the quest for the Orb.
     0 | D:1      | Reached XP level 1. HP: 10/10 MP: 6/6
   180 | D:1      | Reached XP level 2. HP: 14/15 MP: 2/8
   187 | D:1      | Learned a level 2 spell: Searing Ray
   882 | D:2      | Reached skill level 5 in Conjurations
   882 | D:2      | Reached XP level 3. HP: 7/19 MP: 3/10
  1056 | D:2      | Found a shattered altar of Ashenzari.
  1266 | D:2      | Reached XP level 4. HP: 14/24 MP: 2/12
  1452 | D:2      | Learned a level 3 spell: Dazzling Spray
  1457 | D:2      | Learned a level 4 spell: Fulminant Prism
  1978 | D:2      | HP: 1/24 [gnoll/flail of holy wrath (12)]
  1997 | D:2      | HP: 1/24 [gnoll/flail of holy wrath (2)]
  2064 | D:2      | Reached skill level 5 in Spellcasting
  2722 | D:2      | Reached XP level 5. HP: 19/28 MP: 3/14
  2885 | D:2      | Learned a level 4 spell: Force Lance
  3347 | D:3      | Found a glowing drain.
  3478 | D:3      | Noticed p0werm0de's ghost (weakling FeCK)
  3838 | D:3      | Reached skill level 1 in Hexes
  3929 | D:3      | Reached skill level 1 in Translocations
  4014 | D:3      | Killed p0werm0de's ghost
  4256 | D:3      | Found a radiant altar of Vehumet.
  4264 | D:3      | Became a worshipper of Vehumet
  4382 | D:3      | Found a burning altar of Makhleb.
  4393 | D:4      | Noticed Barriton's ghost (amateur DrCj)
  4559 | D:4      | Reached XP level 6. HP: 32/32 MP: 11/16
  4946 | D:4      | Found a glowing golden altar of the Shining One.
  5177 | D:4      | Killed Barriton's ghost
  5177 | D:4      | Reached XP level 7. HP: 28/36 MP: 6/19
  5282 | D:4      | Learned a level 4 spell: Iskenderun's Mystic Blast
  5978 | D:4      | Learned a level 1 spell: Confusing Touch
  5995 | D:5      | Entered Level 5 of the Dungeon
  6061 | D:5      | Found an ancient bone altar of Kikubaaqudgha.
  6071 | D:5      | Shot with an arrow by a centaur

Vault maps used:
D:1:      evilmike_arrival_plus
D:2:      ashenzari_conservatory_becter, corexii_hall_statues_l
D:3:      marbit_many_paths, vehumet_crystals, portal_sewer_entry_f,
          st_stairs_10
D:4:      overflow_temple_1_default
D:5:      nicolae_dithmenos_through_a_glass_darkly, kiku_gazebo_pond_becter,
          temple_hall, first_bread

Skill      XL: |  1  2  3  4  5  6  7 |
---------------+----------------------+-----
Spellcasting   | 4 5 6 7 |  7.0
Conjurations   | 5 6 7 |  7.0
Hexes          | 1 3 4 |  4.1
Translocations | 1 3 |  3.4
Dodging        | |  2.4
Stealth        | |  2.4

Action                   |  1- 3 |  4- 6 |  7- 9 || total
-------------------------+-------+-------+-------++-------
Melee: Unarmed           |     1 |       |       ||     1
 Cast: Magic Dart        |    63 |   118 |    16 ||   197
       Searing Ray       |    19 |     3 |       ||    22
       Dazzling Spray    |       |    13 |       ||    13
       Fulminant Prism   |       |    14 |       ||    14
       Force Lance       |       |     2 |     3 ||     5
  Use: Potion            |     3 |     3 |       ||     6
       Scroll            |     2 |    10 |       ||    12
  Eat: Chunk             |     1 |     1 |       ||     2
       Fruit             |       |     3 |       ||     3
       Bread ration      |       |     2 |       ||     2
       Meat ration       |       |     1 |     1 ||     2
Armor: Robe              |       |    10 |       ||    10
Dodge: Dodged            |    13 |    30 |     1 ||    44

Table legend:
 A = Spawn XP
 B = Non-spawn XP
 C = Spawn XP percentage of total XP
 D = Spawn monster count
 E = Non-spawn monster count
 F = Spawn count percentage of total count
 G = Total turns spent on level
                    A         B        C        D         E        F      G
               +---------+---------+-------+---------+---------+-------+---------
         Total |       0 |    1128 |   0.0 |       0 |      90 |   0.0 |  6071
               +---------+---------+-------+---------+---------+-------+---------
           D:1 |       0 |      27 |   0.0 |       0 |      15 |   0.0 |   525
           D:2 |       0 |     195 |   0.0 |       0 |      30 |   0.0 |  3063
           D:3 |       0 |     132 |   0.0 |       0 |      24 |   0.0 |  1089
           D:4 |       0 |     649 |   0.0 |       0 |      19 |   0.0 |  1318
           D:5 |       0 |     125 |   0.0 |       0 |       2 |   0.0 |    76
               +---------+---------+-------+---------+---------+-------+---------
